 Dungeon Crawl Stone Soup version 0.30.1-4-g462c640d31 (webtiles) character file.

Game seed: 10760382511314243562

889 Logoto the Firebug (level 7, -1/55 HPs)
             Began as a Green Draconian Fire Elementalist on Aug 18, 2023.
             Was an Initiate of Qazlal.
             Slain by a two-headed ogre
             ... wielding a +0 giant spiked club
              (5 damage)
             ... on level 6 of the Dungeon.
             The game lasted 00:14:10 (5951 turns).

Logoto the Firebug (DrFE)                           Turns: 5951, Time: 00:14:11

Health: -1/55      AC:  7    Str: 12    XL:     7   Next: 77%
Magic:  0/14       EV: 12    Int: 16    God:    Qazlal [......]
Gold:   344        SH:  0    Dex: 11    Spells: 12/15 levels left

rFire   + . .        p - +4 hand axe (venom)
rCold   . . .        (no shield)
rNeg    . . .        (body armour unavailable)
rPois   +            (helmet restricted)
rElec   .            v - +0 cloak
rCorr   .            (no gloves)
SInv    .            (no boots)
Will    .....        (no amulet)
Stlth   ++           t - ring of protection from fire
HPRegen 0.29/turn    (no ring)
MPRegen 0.14/turn

%: no passive effects
@: no status effects
A: breathe noxious fumes, AC +6, unfitting armour, poison resistance,
cold-blooded
a: Breathe Noxious Fumes, Renounce Religion


You were on level 6 of the Dungeon.
You worshipped Qazlal.
Qazlal was noncommittal.
You visited 2 branches of the dungeon, and saw 7 of its levels.

You collected 344 gold pieces.

Inventory:

Hand Weapons
 i - a +0 hand axe
 p - a +4 hand axe of venom (weapon)
Missiles
 j - 54 stones
Armour
 v - a +0 cloak (worn)
Jewellery
 t - a ring of protection from fire (left hand)
Wands
 w - a wand of digging (3)
 z - a wand of mindburst (17)
Scrolls
 c - 10 scrolls of identify {unknown}
 d - a scroll of noise {unknown}
 e - 3 scrolls of teleportation {unknown}
 h - 3 scrolls of torment {unknown}
 k - 4 scrolls of immolation {unknown}
 n - a scroll of summoning {unknown}
 q - a scroll of poison {unknown}
 r - a scroll of magic mapping {unknown}
 s - a scroll of vulnerability {unknown}
 y - a scroll of blinking {unknown}
 A - a scroll of amnesia {unknown}
Potions
 a - a potion of magic
 b - 3 potions of invisibility {unknown}
 f - 3 potions of degeneration {unknown}
 g - 3 potions of haste {unknown}
 l - 4 potions of curing {unknown}
 m - a potion of heal wounds {unknown}
 o - 2 potions of ambrosia {unknown}
 u - 2 potions of brilliance {unknown}
 x - 2 potions of might {unknown}


   Skills:
 + Level 2.0 Fighting
 + Level 2.5(2.6) Axes
 + Level 0.5(1.6) Maces & Flails
 + Level 3.0 Dodging
 + Level 2.7 Stealth
 + Level 4.7 Spellcasting
 + Level 2.1 Conjurations
 + Level 5.8 Fire Magic


You had 12 spell levels left.
You knew the following spells:

 Your Spells              Type           Power      Damage    Failure   Level
a - Foxfire               Conj/Fire      64%        2x1d7     3%          1
b - Scorch                Fire           44%        2d6       2%          2

Your spell library contained the following spells:

 Spells                   Type           Power      Damage    Failure   Level
 Inner Flame              Hex/Fire       13%        N/A       14%         3
 Volatile Blastmotes      Fire/Tloc      26%        2d12      14%         3
 Flame Wave               Conj/Fire      16%        2d7       30%         4
 Portal Projectile        Hex/Tloc       6%         N/A       43%         3
 Tukima's Dance           Hex            3%         N/A       43%         3
 Blade Hands              Tmut           1%         N/A       99%         5


Dungeon Overview and Level Annotations

Branches:
Dungeon (6/15)             Temple (1/1) D:5

Altars:
Cheibriados
Dithmenos
Fedhas
Gozag
Kikubaaqudgha
Makhleb
Nemelex Xobeh
Okawaru
Qazlal
Ru
Sif Muna
Trog
Uskayaw
Vehumet
Wu Jian
Xom
Zin
The Shining One


Innate Abilities, Weirdness & Mutations

You can breathe blasts of noxious fumes.
Your lurid green scales are hard. (AC +6)
You cannot fit into any form of body armour.
Your system is resistant to poisons. (rPois)
You are cold-blooded and may be slowed by cold attacks.


Message History

You conjure some foxfire!
Your foxfire dissipates!
The foxfire hits the two-headed ogre.
The two-headed ogre is moderately wounded.
Casting: Foxfire (safe; 3% risk of failure)
Confirm with . or Enter, or press ? or * to list all spells.
Flames lash the two-headed ogre.
The two-headed ogre is moderately wounded.
The two-headed ogre's fire resistance burns away.
Casting: Scorch (safe; 2% risk of failure)
Confirm with . or Enter, or press ? or * to list all spells.
Flames lash the two-headed ogre.
The two-headed ogre is burned terribly!
The two-headed ogre is heavily wounded.
Casting: Scorch (safe; 2% risk of failure)
Confirm with . or Enter, or press ? or * to list all spells.
Flames lash the two-headed ogre.
The two-headed ogre is burned terribly!
The two-headed ogre is severely wounded.
The two-headed ogre hits you with a +0 giant spiked club!
The two-headed ogre misses you.
Casting: Scorch (safe; 2% risk of failure)
Confirm with . or Enter, or press ? or * to list all spells.
Flames lash the two-headed ogre.
The two-headed ogre is burned terribly!
The two-headed ogre is severely wounded.
The two-headed ogre hits you with a +0 giant spiked club!!
The two-headed ogre barely misses you.
Casting: Scorch (safe; 2% risk of failure)
Confirm with . or Enter, or press ? or * to list all spells.
Flames lash the two-headed ogre.
The two-headed ogre is burned terribly!
The two-headed ogre is almost dead.
You barely miss the two-headed ogre.
The two-headed ogre is almost dead.
The two-headed ogre hits you with a +0 giant spiked club!
* * * LOW HITPOINT WARNING * * *
The two-headed ogre hits you with a +0 giant spiked club.
* * * LOW HITPOINT WARNING * * *
You hit the two-headed ogre but do no damage.
The two-headed ogre is almost dead.
The two-headed ogre closely misses you.
The two-headed ogre hits you with a +0 giant spiked club.
You die...

#.....#..#
#.....#..#
#.....#..#
#.....######
#..........#
#######............
#..................
#..................
#.......@†.........
#.......O..........
#..................
#######............
#....'...........
#....#..........#
#....#..........#
#....#..........#
#....#.........


You could see a two-headed ogre (combustible).

Vanquished Creatures
  A black bear (D:5)
  2 ogres
  A phantom (D:5)
  2 scorpions
  4 hounds
  An orc priest (D:3)
  Jessica (D:2)
  Terence (D:3)
  4 iguanas
  4 adders
  An ufetubus (D:4)
  4 worms
  A dart slug (D:4)
  11 orcs
  10 ball pythons
  8 bats
  3 endoplasms
  3 giant cockroaches
  7 hobgoblins
  2 jackals (D:5)
  5 quokkas
  2 frilled lizards (D:3)
  3 goblins
  3 kobolds
  3 rats
87 creatures vanquished.

Vanquished Creatures (others)
  111 foxfires
111 creatures vanquished.

Grand Total: 198 creatures vanquished

Notes
Turn   | Place    | Note
-------+----------+-------------------------------------------
     0 | D:1      | Logoto the Draconian Fire Elementalist began the quest for
                  | the Orb.
     0 | D:1      | Reached XP level 1. HP: 14/14 MP: 3/3
   354 | D:1      | Reached XP level 2. HP: 20/20 MP: 3/5
  1140 | D:2      | Reached XP level 3. HP: 26/26 MP: 1/6
  1251 | D:2      | Noticed Jessica
  1259 | D:1      | Learned a level 2 spell: Scorch
  1267 | D:2      | Killed Jessica
  1516 | D:2      | Found a shadowy altar of Dithmenos.
  1562 | D:2      | Reached XP level 4. HP: 33/34 MP: 7/7
  1918 | D:2      | Found a faded altar of an unknown god.
  2151 | D:3      | Noticed Terence
  2154 | D:3      | Reached skill level 1 in Fighting
  2197 | D:3      | Killed Terence
  2198 | D:3      | Reached skill level 1 in Axes
  2198 | D:3      | Reached skill level 4 in Fire Magic
  2329 | D:3      | Reached XP level 5. HP: 40/40 MP: 5/9
  3812 | D:4      | Reached XP level 6. HP: 43/47 MP: 8/11
  4266 | D:5      | Entered Level 5 of the Dungeon
  4278 | D:5      | Reached skill level 5 in Fire Magic
  4535 | D:5      | Your scales start taking on a lurid green colour.
  4535 | D:5      | Reached XP level 7. HP: 41/52 MP: 5/13
  4535 | D:5      | Gained mutation: Your system is resistant to poisons.
                  | (rPois) [Green Draconian growth]
  4856 | D:5      | Found a staircase to the Ecumenical Temple.
  4954 | Temple   | Entered the Ecumenical Temple
  5236 | Temple   | Became a worshipper of Qazlal Stormbringer
  5429 | D:5      | Found a radiant altar of Vehumet.
  5458 | D:5      | Found a bloodstained altar of Trog.
  5932 | D:6      | Noticed a two-headed ogre
  5951 | D:6      | Slain by a two-headed ogre

Illustrated notes

Levels and vault maps discovered:
D:1:      amcnicky_arrival_abandoned_market, layout_basic, chequers_avenue,
          minmay_fountain_box
D:2:      layout_loops_ring, serial_aquarium, aquarium_bridge_square
          [aquarium_subvault_bridge, aquarium_subvault_wall,
          aquarium_subvault_wall, aquarium_subvault_wall],
          aquarium_window_corner, aquarium_window_fake, aquarium_view_2e,
          aquarium_balcony_1b, aquarium_pool_corner, basic_altar,
          basic_ecumenical_altar, uniq_jessica
D:3:      layout_loops_corners, cheibrodos_sewer_entry_bend,
          minmay_misc_feat_nine_boxes, uniq_terence
D:4:      layout_basic, dk_vineyard_3, kennysheep_generic_room_4
D:5:      layout_basic, mainiacjoe_overflow_big_doors,
          minmay_temple_entry_poolview
D:6:      layout_gridville, gammafunk_ghost_smash, uniq_edmund
Temple:   compressed_dpeg_triangle_lava_temple

Skill      XL: |  1  2  3  4  5  6  7 |
---------------+----------------------+-----
Stealth        | 2 |  2.7
Dodging        | 2 3 |  3.0
Fighting       | 1 2 |  2.0
Axes           | 1 2 |  2.5
Fire Magic     | 4 5 |  5.8
Spellcasting   | 3 4 |  4.7
Conjurations   | 2 |  2.1
Maces & Flails | |  0.5

Action                     |  1- 3 |  4- 6 |  7- 9 || total
---------------------------+-------+-------+-------++-------
  Melee: Whip              |    29 |       |       ||    29
         Unarmed           |     4 |       |       ||     4
         Tailslap          |     9 |     5 |     5 ||    19
         Hand axe          |    31 |    44 |    39 ||   114
   Cast: Foxfire           |    25 |    32 |    17 ||    74
         Scorch            |     3 |    28 |    16 ||    47
Ability: Breathe Noxious F |       |       |     1 ||     1
   Stab: Sleeping          |     1 |     1 |       ||     2
 Armour: Skin              |    27 |    33 |    12 ||    72
  Dodge: Dodged            |    49 |    43 |    24 ||   116
